AoeStats
← ferandres99

Arena

509526994Analyzed
4v4 RM · 3d ago on Sep 27, 2026· 47m 3s· 8 players
Game mode
Random Map
Map size
Large (8 player)
Population
200
Speed
Normal
Resources
Standard
Victory
Conquest
Starting age
Dark Age
Ending age
Imperial Age
RankedLock teamsTeams togetherTeam positionsShared explorationLock speedFull tech treeHidden civsTurbo modeCheats
Victory
Defeat
🇺🇸 Danes · United States
938
+9
🇺🇸 Italians · United States
927
+10
🇺🇸 Vietnamese · United States
907
+10
🇺🇸 Franks · United States
843
+13
🇺🇸 Persians · United States
833
-13
786
-11
🇲🇽 Britons · Mexico
744
-9
🇨🇳 Huns · China
741
-9
ferandres99
7:15 Loom
9:04 Feudal Age
10:08 Double-Bit Axe
16:06 Castle Age
15:45 Horse Collar
18:40 Town Watch
19:33 Wheelbarrow
23:14 Fletching
22:48 Crossbowman
25:34 Padded Archer Armor
26:36 Bodkin Arrow
28:36 Hand Cart
33:22 Imperial Age
31:49 Gold Mining
32:57 Bow Saw
33:15 Town Patrol
33:46 Bloodlines
33:37 Husbandry
34:03 Conscription
34:31 Heavy Plow
34:55 Light Cavalry
35:40 Hussar
36:36 Cavalier
38:01 Forging
39:20 Chemistry
38:41 Ballistics
39:42 Murder Holes
41:30 Iron Casting
41:02 Scale Barding Armor
43:37 Elite Skirmisher
44:33 Heavy Camel Rider
Leléu Antônio da Anunciação
10:39 Feudal Age
11:23 Double-Bit Axe
15:12 Wheelbarrow
19:22 Castle Age
17:33 Man-at-Arms
19:18 Wheelbarrow
24:30 Horse Collar
26:20 Long Swordsman
29:46 Pikeman
40:36 Gold Mining
48:45 Imperial Age
YellowyGnu8986
0:48 Loom
11:20 Feudal Age
15:39 Castle Age
14:03 Double-Bit Axe
14:07 Horse Collar
16:05 Wheelbarrow
16:20 Stone Mining
16:27 Gold Mining
17:45 Bow Saw
24:07 Heavy Plow
26:02 Gold Shaft Mining
26:44 Hand Cart
29:46 Caravan
32:28 Imperial Age
30:42 Forging
30:38 Scale Barding Armor
30:55 Fletching
31:05 Padded Archer Armor
31:20 Caravan
32:23 Iron Casting
32:54 Chain Barding Armor
32:55 Bloodlines
32:46 Husbandry
32:08 Light Cavalry
33:33 Conscription
32:58 Cavalier
35:15 Blast Furnace
44:13 Plate Barding Armor
La Morte Noire
10:54 Feudal Age
14:55 Castle Age
13:38 Double-Bit Axe
13:42 Horse Collar
15:43 Wheelbarrow
16:12 Bow Saw
17:40 Heavy Plow
23:52 Hand Cart
23:33 Crossbowman
24:19 Gold Mining
24:28 Fletching
24:38 Padded Archer Armor
25:56 Gold Shaft Mining
25:24 Bodkin Arrow
26:27 Leather Archer Armor
26:43 Ballistics
26:47 Loom
29:03 Stone Mining
30:05 Fortified Wall
35:08 Yeomen
41:31 Imperial Age
41:51 Arbalester
42:55 Bracer
43:26 Ring Archer Armor
45:14 Chemistry
46:00 Pikeman
46:41 Squires
46:26 Arson
47:12 Conscription
zoops
9:59 Feudal Age
11:10 Feudal Age
14:59 Castle Age
13:48 Double-Bit Axe
14:34 Stone Mining
15:19 Horse Collar
21:46 Bow Saw
23:41 Heavy Plow
27:06 Imperial Age
25:57 Fervor
26:10 Sanctity
30:23 Imperial Age
30:23 Fletching
30:33 Padded Archer Armor
29:58 Elite Skirmisher
30:44 Thumb Ring
34:39 Imperial Skirmisher
36:54 Chemistry
36:14 Ballistics
35:50 Murder Holes
36:49 Conscription
43:00 Bodkin Arrow
43:20 Leather Archer Armor
43:10 Elite Genoese Crossbowman
NocturnalYetti
11:08 Feudal Age
11:42 Double-Bit Axe
16:20 Castle Age
16:00 Town Watch
16:03 Loom
20:01 Husbandry
21:31 Wheelbarrow
23:25 Hand Cart
23:52 Bow Saw
25:29 Gold Mining
28:38 Forging
28:34 Scale Barding Armor
32:04 Gold Shaft Mining
31:19 Stone Mining
31:27 Stone Mining
32:59 Town Patrol
34:57 Chain Barding Armor
35:13 Iron Casting
45:24 Imperial Age
47:13 Blast Furnace
46:49 Plate Barding Armor
45:45 Cavalier
covfefe
11:41 Feudal Age
16:28 Castle Age
15:39 Stone Mining
16:48 Double-Bit Axe
18:10 Stone Shaft Mining
17:26 Loom
19:40 Bow Saw
21:14 Forging
21:12 Scale Mail Armor
24:51 Gold Mining
30:32 Hamask
35:32 Chain Mail Armor
35:23 Squires
35:12 Arson
36:07 Wheelbarrow
37:45 Town Watch
38:31 Horse Collar
42:02 Imperial Age
40:32 Hand Cart
40:18 Town Patrol
41:14 Gold Shaft Mining
43:24 Iron Casting
42:26 Elite Jomsviking
43:27 Conscription
46:15 Blast Furnace
47:16 Plate Mail Armor
AustinNotAustin
12:02 Feudal Age
16:16 Castle Age
14:36 Double-Bit Axe
15:30 Horse Collar
17:39 Bow Saw
18:00 Heavy Plow
22:06 Husbandry
25:04 Scale Barding Armor
25:12 Bloodlines
25:10 Gold Mining
26:02 Chatras
27:03 Elite Skirmisher
29:07 Thumb Ring
29:58 Fletching
30:08 Padded Archer Armor
33:44 Bodkin Arrow
41:16 Imperial Age
44:08 Two-Man Saw
44:24 Crop Rotation
45:37 Paper Money
46:30 Chemistry
46:33 Ballistics
46:26 Loom
46:28 Town Watch
47:47 Wheelbarrow
Connection lost

Rejoining the realm…

Still unreachable

The connection could not be restored.

Session expired

The server has moved on; the page needs a fresh start.